 Dungeon Crawl Stone Soup version 0.30-a0-4-ga7cffc901d (webtiles) character file.

Game seed: 3710863678668094196

532 greasedhog the Cudgeller (level 7, -1/66 HPs)
             Began as a Gargoyle Abyssal Knight on Aug 21, 2022.
             Was a Priest of Lugonu.
             Slain by a killer bee (3 damage)
             ... on level 5 of the Dungeon.
             The game lasted 00:04:11 (2724 turns).

greasedhog the Cudgeller (Gargoyle Abyssal Knight)  Turns: 2724, Time: 00:04:11

Health: -1/66      AC: 23    Str: 18    XL:     7   Next: 24%
Magic:  10/10      EV:  2    Int: 11    God:    Lugonu [***...]
Gold:   265        SH:  3    Dex: 10    Spells: 6/6 levels left

rFire   . . .      SeeInvis .    d - +2 short sword (drain)
rCold   . . .      Faith    .    c - +0 buckler
rNeg    + . .      Spirit   .    (body armour currently unavailable)
rPois   ∞          Reflect  .    (helmet currently unavailable)
rElec   .          Harm     .    (cloak currently unavailable)
rCorr   .          Rampage  .    (gloves currently unavailable)
Will    .....      NoTele   +    (boots currently unavailable)
Stlth   +.........               (no amulet)
HPRegen 0.21/turn                (no ring)
MPRegen 0.12/turn                (no ring)

@: tree-form, invisible
A: stationary, stasis, torment immunity, boosted hp, sickness immunity, AC +4,
negative energy resistance 1, (electricity resistance), torment resistance 1,
petrification resistance
a: Renounce Religion, Depart the Abyss, Bend Space, Banish


You were on level 5 of the Dungeon.
You worshipped Lugonu.
Lugonu was most pleased with you.
You were a tree.
You visited 1 branch of the dungeon, and saw 4 of its levels.
You visited the Abyss 1 time.

You collected 265 gold pieces.

Inventory:

Hand Weapons
 d - a +2 short sword of draining (weapon)
Missiles
 n - a throwing net
Armour
 a - a +0 pair of gloves (melded)
 c - a +0 buckler (worn)
 g - a +0 ring mail (melded)
 i - a +0 cloak (melded)
 k - a +2 hat (melded)
 l - a +0 pair of boots (melded)
Jewellery
 j - a +6 ring of strength
Scrolls
 b - a scroll of enchant armour
 e - 6 scrolls of identify
 h - a scroll of magic mapping
Potions
 m - a potion of invisibility


   Skills:
 - Level 5.0 Fighting
 * Level 5.5 Maces & Flails
 - Level 2.1 Armour
 - Level 0.7 Dodging
 * Level 4.7 Invocations


You had 6 spell levels left.
You didn't know any spells.
Your spell library contained the following spells:

 Spells                   Type           Power      Damage    Failure   Level
 Static Discharge         Conj/Air       0%         3-3/arc   58%         2
 Lightning Bolt           Conj/Air       0%         1d11      100%        5
 Maxwell's Capacitive Co  Air            0%         ∞         100%        8


Dungeon Overview and Level Annotations

Branches:
Dungeon (5/15)
 Temple: D:4-7

Altars:
Ashenzari
Xom


Innate Abilities, Weirdness & Mutations

You are a tree.
Your roots penetrate the ground, keeping you stationary.
You cannot be teleported.
You are immune to unholy pain and torment.
Your maximum health is greatly increased.
Your equipment is partially melded.
You are immune to sickness and miasma.
((Your stone body is resilient. (AC +4)))
You are immune to poison.
You resist negative energy. (rN+)
((You are resistant to electric shocks. (rElec)))
You are resistant to unholy torment.
You are immune to petrification.


Message History

The killer bee stings you but does no damage. x2
The killer bee barely misses you.
Okay, then.
You hit the killer bee. You drain the killer bee.
The killer bee is moderately wounded.
The killer bee stings you but does no damage.
You block the killer bee's attack.
The killer bee stings you but does no damage. x2
You barely miss the killer bee.
The killer bee is moderately wounded.
The killer bee stings you but does no damage.
You catch the helpless killer bee completely off-guard!
You puncture the killer bee!
The killer bee is heavily wounded.
The killer bee stings you but does no damage. x2
You block the killer bee's attack.
You miss the killer bee.
The killer bee is heavily wounded.
The killer bee stings you but does no damage.
The killer bee barely misses you.
The killer bee stings you but does no damage. x3
You miss the killer bee.
The killer bee is heavily wounded.
The killer bee stings you but does no damage. x5
The killer bee stings you.
* * * LOW HITPOINT WARNING * * *
You closely miss the killer bee.
The killer bee is heavily wounded.
The killer bee barely misses you.
The killer bee stings you but does no damage. x4
The killer bee stings you.
* * * LOW HITPOINT WARNING * * *
You block the killer bee's attack.
The killer bee stings you but does no damage.
The killer bee barely misses you.
You miss the killer bee.
The killer bee is heavily wounded.
The killer bee stings you but does no damage.
The killer bee stings you.
You die...

#.### ............. ###
#............ # #............ ##
#........##.. ##. ...
##........#### .... ....
###......##..#.. #....
.....####.......#....... ##....#
#...yy.#†............ .....#
##.y♣####...........# .....#
#..## #............ ##..## ##.
#....##...... # #.# #..# #.
#....#...##.. #.###..# #..#
##.......##### ##..##..##
##.###........## #
##....#...######........)....####
##.............#...###..........#
.#...............## ##...##.....


You could see 3 killer bees.

Vanquished Creatures
  2 water moccasins (D:5)
  A necrophage (D:5)
  A killer bee (D:5)
  2 hounds (D:5)
  A jelly (D:5)
  2 iguanas (D:5)
  2 adders (D:2)
  3 worms (D:2)
  3 dart slugs (D:2)
  An orc (D:5)
  An endoplasm (D:2)
  4 giant cockroaches
  2 goblins (D:2)
  7 hobgoblins
  6 jackals (D:2)
  2 bats (D:2)
  3 frilled lizards
  5 kobolds
  3 rats (D:1)
51 creatures vanquished.

Notes
Turn   | Place    | Note
-------+----------+-------------------------------------------
     0 | Abyss:1  | greasedhog the Gargoyle Abyssal Knight began the quest for
                  | the Orb.
     0 | Abyss:1  | Reached XP level 1. HP: 14/14 MP: 2/2
     1 | D:1      | Escaped the Abyss
    95 | D:1      | Found a faded altar of an unknown god.
   390 | D:1      | Reached XP level 2. HP: 19/19 MP: 3/3
  1010 | D:2      | Reached XP level 3. HP: 20/24 MP: 4/4
  1117 | D:2      | Reached *** piety under Lugonu
  1285 | D:2      | Reached XP level 4. HP: 30/30 MP: 5/5
  1343 | D:2      | Found a shimmering altar of Xom.
  1643 | D:3      | You fall into a shaft and drop 2 floors!
  1643 | D:5      | Entered Level 5 of the Dungeon
  1928 | D:5      | Reached skill level 5 in Fighting
  1928 | D:5      | Reached XP level 5. HP: 35/35 MP: 6/6
  1960 | D:5      | Noticed a water moccasin
  1973 | D:5      | Killed a water moccasin
  1974 | D:5      | Reached XP level 6. HP: 27/40 MP: 6/8
  2159 | D:5      | Noticed a water moccasin
  2178 | D:5      | Killed a water moccasin
  2179 | D:5      | Reached skill level 5 in Maces & Flails
  2193 | D:5      | Found a broken altar of Ashenzari.
  2477 | D:5      | Reached XP level 7. HP: 39/44 MP: 10/10
  2722 | D:5      | HP: 3/66 [killer bee (4)]
  2724 | D:5      | Slain by a killer bee

Illustrated notes

Levels and vault maps discovered:
D:1:      matt_arrival_los_fun, layout_basic, shapermc_ecumenical_altar_venn
D:2:      layout_basic, basic_altar
D:3:      layout_basic, mainiacjoe_overflow_brackets,
          nicolae_overflow_ecumenical_swirl, lemuel_doored_altar,
          gammafunk_ghost_gnarly_gnolls, hex_tiny, minmay_quantized
D:5:      minmay_razor_zed, layout_layer_cave, slow_altar_1, lemuel_tele_altar,
          ashenzari_altar_1

Skill      XL: |  1  2  3  4  5  6 |
---------------+-------------------+-----
Fighting       | 4 5 |  5.0
Maces & Flails | 3 4 5 |  5.5
Invocations    | 3 4 |  4.7
Armour         | |  2.1
Dodging        | |  0.7

Action                   |  1- 3 |  4- 6 |  7- 9 || total
-------------------------+-------+-------+-------++-------
Melee: Short sword       |    86 |    86 |    26 ||   198
       Mace              |     5 |       |       ||     5
  Use: Scroll            |     2 |       |       ||     2
       Potion            |       |       |     2 ||     2
 Stab: Invisible         |       |       |     1 ||     1
Armor: Leather armour    |     7 |       |       ||     7
       Ring mail         |    30 |    47 |    30 ||   107
       Skin              |       |       |    30 ||    30
Dodge: Dodged            |    48 |    37 |    32 ||   117
Block: Buckler           |    13 |    18 |    10 ||    41

Table legend: (Time is in decaauts)
 A = Elapsed time spent in this place.
 B = Non-inter-level travel time spent in this place.
 C = Inter-level travel time spent in this place.
 D = Time resting spent in this place.
 E = Time spent auto-exploring this place.
 F = Levels seen in this place.
 G = Mean time per level.
                   A        B        C        D        E       F      G
               +--------+--------+--------+--------+--------+-----+--------+
         Total |   2755 |   2720 |     35 |    354 |   1742 |   5 |  551.0 |
       Dungeon |   2754 |   2719 |     35 |    354 |   1742 |   4 |  688.5 |
         Abyss |      1 |      1 |      0 |      0 |      0 |   1 |    1.0 |
               +--------+--------+--------+--------+--------+-----+--------+

Top non-repeatable levels by time:
     D:5: 1095 daAuts
     D:1: 978 daAuts
     D:2: 680 daAuts
 Abyss:1: 1 daAuts
